cohdb
Replays
Latest Replays
All Replays
Popular Replays
Top Player Replays
Match Explorer
How It Works
Community
CoH3 Stats
Reddit
Sign in to upload your games and track your stats! →
Sign in with Steam
Match 45730465
Unlisted
Match 45730465
Overview
Messages
Build Orders
End
Construct Barracks
Selects Heavy Weapons
Riflemen Squad
Riflemen Squad
Riflemen Squad
Grenade Package
Construct Weapon Support Center
Selects M2HB .50cal Heavy Machine Gun
M1919 Machine Gun Team
Air Support Center
Construct Medical Station
Bazooka Squad
P-47 Dive Bomb
Double Sortie
P-47 Strafing Run
M1919 Machine Gun Team
Selects Assault Carriers
Selects Exchangeable Parts
Grasshopper Recon Run
Engineer Squad
Construct Tank Depot
P-47 Strafing Run
Bazooka Squad
Grasshopper Recon Run
P-47 Dive Bomb
Don Pitudo
Hurricane
sorij0825
maximedesimon
76561199423356143
Muse曹孟德
0
0
Comments
sign in to comment!
No comments posted yet!